 Dungeon Crawl Stone Soup version 0.22.1-5-g62c59d9 (webtiles) character file.

94 orangequarter the Skirmisher (level 4, 0/38 HPs)
             Began as a Demonspawn Berserker on Jan 8, 2019.
             Was a Believer of Trog.
             Slain by an adder (3 damage)
             ... on level 3 of the Dungeon.
             The game lasted 00:04:06 (2142 turns).

orangequarter the Skirmisher (Demonspawn Berserker) Turns: 2142, Time: 00:04:07

Health: 0/38       AC:  4    Str: 15 (18) XL:     4   Next: 38%
Magic:  4/4        EV:  6    Int:  8 (9)  God:    Trog [**....]
Gold:   66         SH: 10    Dex: 10 (12) Spells: 3/3 levels left

rFire    . . .     SeeInvis .   l - +0 flail (drain)
rCold    . . .     Gourm    .   h - +0 large shield
rNeg     . . .     Faith    .   f - +0 leather armour (curse)
rPois    .         Spirit   .   (no helmet)
rElec    .         Reflect  .   (no cloak)
rCorr    .         Harm     .   (no gloves)
MR       .....                  (no boots)
Stlth    +.........             (no amulet)
HPRegen  0.12/turn              (no ring)
MPRegen  0.09/turn              (no ring)

@: heavily drained
A: rugged brown scales 1
a: Berserk, Trog's Hand, Renounce Religion


You were on level 3 of the Dungeon.
You worshipped Trog.
Trog was pleased with you.
You were very hungry.

You visited 1 branch of the dungeon, and saw 3 of its levels.

You collected 66 gold pieces.

Inventory:

Hand Weapons
 a - a +0 short sword
 g - a +0 dagger of draining
 l - a +0 flail of draining (weapon)
Armour
 b - a +0 animal skin
 f - a cursed +0 leather armour (worn)
 h - a +0 large shield (worn)
 j - a +0 chain mail
Wands
 i - a wand of digging (11)
Potions
 d - a potion of degeneration
 k - a potion of flight {unknown}
Comestibles
 c - 3 rations


   Skills:
 + Level 3.7(2.2) Fighting
 + Level 3.7(2.3) Short Blades
 + Level 2.1(0.7) Armour
 + Level 2.3(0.9) Dodging
 + Level 0.1(0.0) Stealth
 + Level 0.1(0.0) Shields


You had 3 spell levels left.
You didn't know any spells.
Your spell library was empty.

Dungeon Overview and Level Annotations

Branches:
Dungeon (3/15)

Altars:


Innate Abilities, Weirdness & Mutations

You are partially covered in rugged brown scales. (AC +1, +3% HP)


Message History

The rat bites you but does no damage.
You hit the rat. You drain the rat!
You kill the rat!
Trog accepts your kill.
You recover from your berserk rage.
You start resting.
The adder is too close now for your liking.
An adder is nearby!
You start resting.
The adder is too close now for your liking.
The adder hisses angrily.
You hit the adder.
The adder is moderately wounded.
You block the adder's attack. The adder bites you.
* * * LOW HITPOINT WARNING * * *
The adder bites you but does no damage.
You miss the adder.
The adder is moderately wounded.
The adder bites you.
You die...

_.8.# .8..# .S.
... #.# #)# #.#
#.##########.#.#
#......S@......#
############.###


You could see an adder.

Vanquished Creatures
  Terence (D:3)
  2 worms (D:2)
  3 dart slugs
  A leopard gecko (D:1)
  2 ball pythons
  4 giant cockroaches
  9 goblins
  3 hobgoblins (D:1)
  4 jackals (D:2)
  3 bats
  3 frilled lizards
  8 kobolds
  11 rats
54 creatures vanquished.

Notes
Turn   | Place    | Note
-------+----------+-------------------------------------------
     0 | D:1      | orangequarter the Demonspawn Berserker began the quest for
                  | the Orb.
     0 | D:1      | Reached XP level 1. HP: 18/18 MP: 1/1
   141 | D:1      | Gained mutation: You are partially covered in rugged brown
                  | scales. (AC +1, +3% HP) [demonic ancestry]
   141 | D:1      | Reached XP level 2. HP: 18/24 MP: 2/2
   262 | D:1      | Reached ** piety under Trog
   659 | D:1      | Reached XP level 3. HP: 29/29 MP: 3/3
  2069 | D:3      | Noticed Terence
  2102 | D:3      | HP: 2/43 [Terence/flail of draining (1)]
  2104 | D:3      | Killed Terence
  2104 | D:3      | Reached XP level 4. HP: 3/38 MP: 4/4
  2119 | D:3      | Found a faded altar of an unknown god.
  2120 | D:3      | HP: 1/38 [goblin/club (3)]
  2142 | D:3      | Slain by an adder

Skill      XL: |  1  2  3 |
---------------+----------+-----
Short Blades   | 3 |  3.7
Dodging        | 2 |  2.3
Armour         | 2 |  2.1
Fighting       | |  3.7
Stealth        | |  0.1
Shields        | |  0.1

Action                   |  1- 3 |  4- 6 || total
-------------------------+-------+-------++-------
Melee: Short sword       |   126 |       ||   126
       Dagger            |    61 |       ||    61
       Flail             |       |    10 ||    10
Invok: Berserk           |     1 |       ||     1
  Use: Scroll            |     2 |     1 ||     3
       Potion            |     2 |       ||     2
 Stab: Sleeping          |     1 |       ||     1
  Eat: Chunk             |     4 |       ||     4
Armor: Animal skin       |     2 |       ||     2
       Leather armour    |    40 |     4 ||    44
Dodge: Dodged            |    90 |     3 ||    93
Block: Large shield      |    14 |     4 ||    18
